 Dungeon Crawl Stone Soup version 0.28.0-53-g5a82cb258f (webtiles) character file.

Game seed: 11186694633721949916

1530 styxcanada the Covert (level 8, -3/40 HPs)
             Began as a Spriggan Brigand on May 21, 2022.
             Slain by an ice beast (14 damage)
             ... on level 6 of the Dungeon.
             The game lasted 00:26:13 (7284 turns).

styxcanada the Covert (Spriggan Brigand)            Turns: 7284, Time: 00:26:14

Health: -3/40      AC:  4    Str:  7    XL:     8   Next: 55%
Magic:  9/9        EV: 20    Int: 12    God:
Gold:   168        SH:  0    Dex: 19    Spells: 7/7 levels left

rFire   . . .      SeeInvis +   a - +3 dagger (flame)
rCold   . . .      Faith    .   (no shield)
rNeg    . . .      Spirit   .   b - +0 robe
rPois   .          Reflect  .   (helmet restricted)
rElec   .          Harm     .   c - +1 cloak
rCorr   .          Rampage  .   (gloves unavailable)
Will    +....                   (boots unavailable)
Stlth   +++++.....              (no amulet)
HPRegen 0.13/turn               (no ring)
MPRegen 0.11/turn               (no ring)

@: very quick
A: very small, no large weapons, unfitting armour, see invisible, speed 3
a: no special abilities


You were on level 6 of the Dungeon.
You visited 1 branch of the dungeon, and saw 6 of its levels.

You collected 168 gold pieces.

Inventory:

Hand Weapons
 a - a +3 dagger of flaming (weapon)
 g - a +0 hunting sling
Missiles
 f - 93 stones
 i - 11 boomerangs
 o - 2 curare-tipped darts
 p - 4 poisoned darts (quivered)
 q - 20 sling bullets
Armour
 b - a +0 robe (worn)
 c - a +1 cloak (worn)
Wands
 h - a wand of acid (11)
Scrolls
 d - a scroll of enchant weapon
 n - a scroll of fog
Potions
 e - a potion of ambrosia
 j - 2 potions of haste
 k - a potion of attraction {unknown}
 l - a potion of invisibility {unknown}
 m - 7 potions of curing


   Skills:
 * Level 3.5 Fighting
 + Level 5.1 Short Blades
 + Level 1.4(3.7) Slings
 + Level 4.5(4.6) Throwing
 * Level 5.7 Dodging
 * Level 11.7 Stealth


You had 7 spell levels left.
You didn't know any spells.
Your spell library contained the following spells:

 Spells                   Type           Power      Damage    Failure   Level
 Olgreb's Toxic Radiance  Pois           0%         N/A       97%         4
 Ozocubu's Refrigeration  Ice            0%         4d5       100%        7
 Ignition                 Fire           0%         3d3       100%        8


Dungeon Overview and Level Annotations

Branches:
Dungeon (6/15)
 Temple: D:4-7

Altars:
Qazlal


Innate Abilities, Weirdness & Mutations

You are very small and have problems with some larger weapons.
You are too small for most types of armour.
You have supernaturally acute eyesight. (SInv)
You cover ground extremely quickly. (Speed+++)


Message History

p - 4 poisoned darts (gained 1)
The ice beast closely misses you.
You barely miss the ice beast.
The ice beast hits you but does no damage.
You closely miss the ice beast. The ice beast closely misses you.
You hit the ice beast but do no damage. You hit the ice beast.
You melt the ice beast.
The ice beast is lightly wounded.
The ice beast barely misses you.
You hit the ice beast.
You melt the ice beast.
The ice beast is lightly wounded.
The ice beast hits you. The ice beast freezes you!
You closely miss the ice beast.
The ice beast is lightly wounded.
The ice beast completely misses you.
You hit the ice beast.
You melt the ice beast.
The ice beast is lightly wounded.
You hit the ice beast but do no damage.
The ice beast is lightly wounded.
The ice beast completely misses you.
You hit the ice beast.
You melt the ice beast.
The ice beast is moderately wounded.
The ice beast hits you. The ice beast freezes you!
You barely miss the ice beast. You punch the ice beast.
The ice beast is moderately wounded.
The ice beast closely misses you.
You barely miss the ice beast.
The ice beast is moderately wounded.
You hit the ice beast but do no damage.
The ice beast is moderately wounded.
The ice beast completely misses you.
You barely miss the ice beast.
The ice beast is moderately wounded.
The ice beast completely misses you.
You barely miss the ice beast.
The ice beast is moderately wounded.
The ice beast hits you.
* * * LOW HITPOINT WARNING * * *
The ice beast freezes you!
You die...

#.# #.# #.. #.# #.# #...## #.#
#.# #....#
#.#######.##########....#######
#..........†..)...##..........#
####.####.###.........#.......#
#.# #.....#.#.##.##.......# #.#
#####.#Y#.##.#(........ #)#
#...@...(...)...... #.#
#...#.(..<.........
#.##.########...####.##.......#
#.....Y.........## #.#####.....
#########.###....###.# ###..
#.##....>.##.# .
#.##)....#.#.## #.##..........#
#.###....###.#.#


You could see an ice beast.

Vanquished Creatures
  Sigmund (D:6)
  Edmund (D:6)
  4 black bears
  A necrophage (D:6)
  An ogre (D:4)
  A centaur (D:6)
  A scorpion (D:6)
  A water moccasin skeleton (D:5)
  2 howler monkeys (D:5)
  A hound (D:5)
  An orc priest (D:4)
  2 centaur skeletons
  Jessica (D:3)
  4 iguanas
  An orc wizard (D:5)
  Robin (D:3)
  4 gnolls (D:2)
  4 adders
  An adder skeleton (D:4)
  4 dart slugs
  9 orcs
  8 ball pythons
  8 endoplasms
  6 giant cockroaches
  10 goblins
  9 hobgoblins
  5 jackals
  3 quokkas
  4 bats
  2 frilled lizards (D:1)
  5 kobolds
  7 rats
113 creatures vanquished.

Notes
Turn   | Place    | Note
-------+----------+-------------------------------------------
     0 | D:1      | styxcanada the Spriggan Brigand began the quest for the
                  | Orb.
     0 | D:1      | Reached XP level 1. HP: 10/10 MP: 2/2
    52 | D:1      | Reached skill level 6 in Stealth
   414 | D:1      | Reached XP level 2. HP: 14/14 MP: 3/3
  1044 | D:1      | Reached skill level 7 in Stealth
  1832 | D:2      | Reached XP level 3. HP: 16/18 MP: 4/4
  1888 | D:2      | You fall into a shaft and drop 2 floors!
  1901 | D:4      | Noticed a black bear
  1966 | D:4      | Killed a black bear
  1967 | D:4      | Reached skill level 8 in Stealth
  1967 | D:4      | Reached XP level 4. HP: 8/23 MP: 5/5
  2694 | D:3      | Reached XP level 5. HP: 16/26 MP: 6/6
  3110 | D:2      | Reached skill level 9 in Stealth
  3173 | D:2      | Found a stormy altar of Qazlal.
  3246 | D:2      | Found a faded altar of an unknown god.
  3551 | D:3      | Noticed Robin
  3581 | D:3      | Killed Robin
  3812 | D:3      | Noticed Jessica
  3815 | D:3      | Killed Jessica
  3997 | D:4      | Reached XP level 6. HP: 30/30 MP: 7/7
  4745 | D:4      | Reached skill level 10 in Stealth
  5054 | D:5      | Entered Level 5 of the Dungeon
  5325 | D:5      | Reached XP level 7. HP: 33/35 MP: 8/8
  5847 | D:5      | Reached skill level 11 in Stealth
  6361 | D:6      | Noticed Edmund
  6361 | D:6      | Noticed Sigmund
  6405 | D:6      | Killed Edmund
  6406 | D:6      | Reached skill level 1 in Slings
  6406 | D:6      | Reached XP level 8. HP: 40/40 MP: 9/9
  6445 | D:6      | HP: 2/40 [Sigmund/puff of flame (11)]
  7086 | D:6      | Reached skill level 5 in Dodging
  7222 | D:6      | Killed Sigmund
  7223 | D:6      | Reached skill level 5 in Short Blades
  7284 | D:6      | Slain by an ice beast

Illustrated notes

Levels and vault maps discovered:
D:1:      eino_arrival_water_star, layout_loops_corners
D:2:      layout_basic, dreamdust_ecumenical_altar_angels_and_demons,
          basic_altar, kennysheep_generic_room_7
D:3:      layout_basic, uniq_robin, uniq_jessica
D:4:      layout_gridville
D:5:      layout_loops_ring
D:6:      layout_loops_ring, minmay_temple_entry_glassed_door, feat_on_display,
          uniq_crazy_yiuf_cottage, uniq_edmund, uniq_sigmund

Skill      XL: |  1  2  3  4  5  6  7  8 |
---------------+-------------------------+-----
Stealth        | 6 7 8 9 10 11 | 11.7
Dodging        | 2 3 4 5 |  5.7
Fighting       | 2 3 |  3.5
Short Blades   | 3 4 5 |  5.1
Throwing       | 3 4 |  4.5
Slings         | 1 |  1.4

Action                   |  1- 3 |  4- 6 |  7- 9 || total
-------------------------+-------+-------+-------++-------
Melee: Dagger            |    60 |   176 |   148 ||   384
       Punch             |       |     1 |     1 ||     2
 Fire: Hunting sling     |       |       |     4 ||     4
Throw: Dart              |    14 |    27 |    35 ||    76
       Stone             |       |     2 |     3 ||     5
Evoke: Wand              |       |       |     1 ||     1
  Use: Scroll            |     1 |    10 |     2 ||    13
       Potion            |       |     1 |       ||     1
 Stab: Sleeping          |    13 |    16 |     4 ||    33
Armor: Robe              |    10 |    15 |     9 ||    34
Dodge: Dodged            |    38 |   114 |   103 ||   255
